[Event "Mitropa Cup Women 2024"]
[Site "Apolda"]
[Date "2024.02.21"]
[Round "7.16"]
[White "Pellicoro, Nathalie"]
[Black "Deak-Sala, Emilia"]
[Result "1/2-1/2"]
[ECO "B50"]
[WhiteElo "1905"]
[BlackElo "1843"]
[Annotator "NA RC"]
[PlyCount "67"]
[EventDate "2024.02.15"]
[EventType "team-tourn"]
[EventCountry "GER"]
[SourceTitle "playchess.com"]
[Source "ChessBase"]
[SourceQuality "1"]
[WhiteTeam "Switzerland"]
[BlackTeam "Austria"]
[WhiteTeamCountry "SUI"]
[BlackTeamCountry "AUT"]
[TimeControl "40/5400+30:1800+30"]

1. e4 c5 2. Nf3 d6 3. c3 Nf6 4. h3 Nbd7 5. Bd3 g6 6. Bc2 Bg7 7. O-O O-O 8. d4 cxd4 9. cxd4 e5 10. Nc3 Re8 11. Re1 a6 12. a4 exd4 13. Nxd4 d5 14. exd5 Rxe1+ 15. Qxe1 Nb6 16. Bb3 Nfxd5 17. Nxd5 Nxd5 18. Bxd5 Qxd5 19. Qe8+ Bf8 20. Nf5 Qd1+ 21. Kh2 gxf5 22. Qxf8+ Kxf8 23. Bh6+ Ke8 24. Rxd1 f6 25. Rd6 Ke7 26. Rb6 Kf7 27. Be3 a5 28. Kg3 Kg6 29. Bd4 Ra6 30. Kf4 Rxb6 31. Bxb6 Bd7 32. h4 h5 33. Bxa5 Bxa4 34. Bc3 1/2-1/2

[Event "Mitropa Cup Women 2024"]
[Site "Apolda"]
[Date "2024.02.21"]
[Round "7.17"]
[White "Heinemann, Josefine"]
[Black "Terbe, Julianna"]
[Result "1-0"]
[ECO "A41"]
[WhiteElo "2361"]
[BlackElo "2315"]
[Annotator "TA"]
[PlyCount "77"]
[EventDate "2024.02.15"]
[EventType "team-tourn"]
[EventCountry "GER"]
[SourceTitle "playchess.com"]
[Source "ChessBase"]
[SourceQuality "1"]
[WhiteTeam "Germany"]
[BlackTeam "Hungary"]
[WhiteTeamCountry "GER"]
[BlackTeamCountry "HUN"]
[TimeControl "40/5400+30:1800+30"]

1. c4 g6 2. Nc3 Bg7 3. Nf3 d6 4. d4 e5 5. h3 exd4 6. Nxd4 Nc6 7. e3 Nge7 8. g4 (8. Be2 $11 {remains equal.}) 8... h5 $17 {[%emt 0:06:35] [#] aiming for ...hxg4.} 9. Rg1 hxg4 10. hxg4 Nxd4 (10... Rh4 $17) 11. exd4 $11 d5 12. c5 b6 13. cxb6 axb6 14. Be3 ({Better is} 14. Bg5 $11) 14... Be6 (14... c5 $5 15. Qd2 O-O $11) 15. Qd2 Qd7 ({Black should try} 15... c5 $15) 16. Be2 c6 17. b3 Nc8 18. Na4 {[%emt 0:06:04] [#]} c5 $1 19. Nc3 {[%emt 0:01:37] Bb5 is the strong threat.} (19. f3 Qd8) 19... Kf8 20. Rd1 cxd4 21. Bxd4 Ne7 22. Bf3 Bxd4 23. Qxd4 Kg8 24. a4 Rc8 25. Kf1 (25. Ke2 {is more complex.} Rh3 26. Rh1 Nc6 27. Qf6) 25... Qc6 26. Nxd5 (26. Nb5 {is interesting.} Qc2 27. Qe3 Rh2 28. Nd4) 26... Nxd5 27. Bxd5 Bxd5 28. Qxd5 Qc3 (28... Rh3 $1 $11 {keeps the balance.}) 29. Rg3 $16 Qc2 30. Kg2 {[%emt 0:02:01] Prevents Rh1} Re8 (30... Rh4 $16) 31. Rf3 $40 {[%emt 0:01:11][%mdl 128] White goes for the king.} Rf8 32. Rh1 Rxh1 33. Kxh1 $16 {[%emt 0:00:03][%mdl 4096] Endgame. KQR-KQR} Qc8 34. Kg2 {[%emt 0:03:02] White is more active.} Qxg4+ (34... Kg7 $16) 35. Rg3 $18 Qh4 (35... Qe6 $18 36. Qxe6 fxe6 37. Rxg6+ Kf7) 36. Rxg6+ {[%emt 0:00:16] White mates.} Kh7 37. Rg3 Qf6 38. Qh5+ Qh6 39. Qf5+ {[%emt 0:00:04] Weighted Error Value: White=0.19 (very precise) /Black=0.44.  Mistake:       	White=2     	Black=6      Inaccurate:     	White=4     	Black=3      OK:         	White=4     	Black=6      Best:        	White=3     	---} 1-0

[Event "Mitropa Cup Women 2024"]
[Site "Apolda"]
[Date "2024.02.21"]
[Round "7.18"]
[White "Demeter, Dorina"]
[Black "Schneider, Jana"]
[Result "1-0"]
[ECO "E14"]
[WhiteElo "2271"]
[BlackElo "2331"]
[Annotator "TA"]
[PlyCount "89"]
[EventDate "2024.02.15"]
[EventType "team-tourn"]
[EventCountry "GER"]
[SourceTitle "playchess.com"]
[Source "ChessBase"]
[SourceQuality "1"]
[WhiteTeam "Hungary"]
[BlackTeam "Germany"]
[WhiteTeamCountry "HUN"]
[BlackTeamCountry "GER"]
[TimeControl "40/5400+30:1800+30"]

1. Nf3 d5 2. e3 Nf6 3. c4 e6 4. Nc3 Nbd7 5. b3 b6 6. cxd5 exd5 7. Bb2 Bb7 8. d4 Be7 9. Bd3 O-O 10. O-O Re8 11. Ne5 Bf8 12. f4 c5 13. Qf3 {[%emt 0:05:40] Weiß steht etwas besser.} cxd4 14. exd4 Nb8 15. Rac1 a6 {[%emt 0:04:34] Es drohte Nb5} 16. Qh3 b5 17. Rfe1 {[%emt 0:16:56] Weiß steht deutlich aktiver. Die schwarzen Türme stehen passiv.} Qb6 18. Kh1 h6 19. Re2 Nc6 {[%emt 0:01:42] [#]} ({Besser ist} 19... Re7) 20. Nxd5 $1 $40 {[%emt 0:02:22][%mdl 128] Schwarz ist in Schwierigkeiten.} Nxd5 {[%emt 0:01:21][%mdl 8192] [#] Das Aus für Schwarz.} (20... Qd8 $16) 21. Qf5 $1 $18 Nf6 {[%emt 0:02:30] Lässt Qh7+ nicht zu} 22. Nd7 g6 23. Qxf6 Rxe2 24. Nxb6 Rxb2 25. Bxg6 fxg6 26. Qxg6+ (26. Rxc6 $2 Rb1+) 26... Bg7 27. Nxa8 {[%emt 0:04:09][%cal Oc1e1] Und jetzt Re1! wäre schön.} ({Schlechter ist} 27. Rxc6 Bxc6 28. Nxa8 (28. Qe6+ $2 Kh8 $19) 28... Bxa8 $11) 27... Nxd4 {[%emt 0:02:03] [#]} 28. Re1 $1 Bc6 {[%emt 0:02:16] Gegen Re8+ gerichtet.} (28... Bxg2+ 29. Qxg2) 29. Nc7 Rxa2 30. b4 (30. Nd5 $142 Kh8 31. Qf7) 30... Kh8 {[%emt 0:05:31] [#]} (30... Rxg2 $2 {ist das falsche Schlagen.} 31. Re8+ Bxe8 32. Qxe8+ (32. Qxg2 Bc6 $18) 32... Kh7 33. Kxg2) (30... Bxg2+ $142 31. Qxg2 Rxg2 32. Kxg2 (32. Re8+ Kf7 $18) 32... Nc2) 31. Re8+ $1 Bxe8 32. Qxe8+ Kh7 33. Qe4+ Kh8 34. h4 {[%emt 0:00:12] Qe8+ wäre nun fies.} Rb2 35. Ne8 {[%emt 0:00:50] Weiss droht Nxg7 und Matt.} Ne2 36. Qg6 Bd4 37. Nd6 Bg7 38. Nf7+ Kg8 39. Nxh6+ Kh8 40. Nf7+ Kg8 41. h5 (41. Ng5 $142 Ng3+ 42. Kh2 Re2 43. Qf7+ (43. Kxg3 Re7 $18) 43... Kh8 44. Kxg3 Re3+ 45. Kf2 Re6 46. Nxe6) 41... Nxf4 42. Nh6+ Kh8 43. Qe8+ Kh7 44. Ng4 Ne2 {[%emt 0:00:00] [#]} 45. Nf6+ $1 {[%emt 0:00:00][%mdl 512] Gewichteter Fehlerwert: Weiß=0.86/Schwarz=0.25 (präzise) .  Verlustzug:     	---       	Schwarz=1     Fehler:       	---       	Schwarz=2     Ungenau:       	---       	Schwarz=4     OK:         	Weiß=4     	Schwarz=4     Bester:       	---       	Schwarz=1     Stark:        	Weiß=1     	---} 1-0

[Event "Mitropa Cup Women 2024"]
[Site "Apolda"]
[Date "2024.02.21"]
[Round "7.19"]
[White "Schulze, Lara"]
[Black "Terbe, Zsuzsanna"]
[Result "1-0"]
[ECO "C55"]
[WhiteElo "2285"]
[BlackElo "2170"]
[Annotator "TA"]
[PlyCount "67"]
[EventDate "2024.02.15"]
[EventType "team-tourn"]
[EventCountry "GER"]
[SourceTitle "playchess.com"]
[Source "ChessBase"]
[SourceQuality "1"]
[WhiteTeam "Germany"]
[BlackTeam "Hungary"]
[WhiteTeamCountry "GER"]
[BlackTeamCountry "HUN"]
[TimeControl "40/5400+30:1800+30"]

1. e4 e5 2. Nf3 Nc6 3. Bc4 Nf6 4. d3 h6 5. c3 d6 6. O-O g5 7. Nbd2 Bg7 8. Bb3 g4 {[%emt 0:07:43] The position is equal.} 9. Ne1 h5 10. f4 exf4 11. Rxf4 Bh6 12. Rf1 g3 13. Qf3 (13. hxg3 Be3+ 14. Kh1 Ng4 15. Bxf7+ Ke7 $11) 13... gxh2+ 14. Kh1 $1 Bg7 15. Nc4 {[%emt 0:13:53][%cal Oc1g5][%mdl 1024] White has strong compensation.} (15. Kxh2 Nd4 16. Bxf7+ (16. cxd4 $2 Ng4+ 17. Kh3 Ne5+ 18. Kh2 Qh4+ 19. Kg1 Nxf3+ $19) 16... Kf8 $19) 15... Bg4 16. Qf2 $40 {[%emt 0:01:12][%cal Oc1g5][%mdl 128] [#] aiming for Bg5! Black is in trouble.} Be6 17. Ne3 Qd7 (17... Ng4 $2 18. Nxg4 Bxb3 19. axb3 $18 (19. Nxh2 Be6 $11)) 18. Nf5 (18. Kxh2 O-O-O 19. Qh4 Ng4+ 20. Kg1 Na5 $17) 18... Bxf5 19. Qxf5 Qxf5 20. Rxf5 Ne5 21. Bg5 Neg4 (21... Nfg4 $14) 22. Bh4 {[%emt 0:07:53] A strong pair of Bishops.} (22. Nc2 $18) 22... Rh6 23. Nf3 Ne3 (23... O-O-O $142 24. Re1 (24. Bxf7 Rf8 $18) 24... Rf8) 24. Rg5 (24. Rf4 $18) 24... Kf8 $16 25. Nd4 {[%emt 0:08:04][%cal Od4f5] Nf5! would now be deadly.} (25. Kxh2 $6 d5 $11) 25... Nfg4 {[%emt 0:04:32] [#] Threatens to win with ...Bf6.} 26. Nf5 {[%emt 0:00:49] The board is on fire.} Nxf5 27. Rxf5 f6 28. Bd1 {[%emt 0:01:34] White has more active pieces.} Ne3 29. Rxh5 Rg6 (29... Kf7 $16 {keeps fighting.}) 30. Bf3 $18 ({But not} 30. Kxh2 $6 Nxg2 (30... Rxg2+ 31. Kh1 $11) 31. Bg3 Ne3 $14) 30... Ke7 $2 (30... c6 {might work better.} 31. Kxh2 Kf7) 31. Kxh2 (31. Re1 $18 {has better winning chances.} Ng4 32. e5 dxe5 33. Re4 (33. Bxb7 Rb8 $14) (33. d4 Kf8 $16)) 31... Rg8 32. Re1 Bh6 (32... Ng4+ $16 {was necessary.} 33. Bxg4 Rxg4) 33. g3 Rh8 $2 (33... b6 34. e5 (34. Rxh6 Rxh6 35. Rxe3 Kf8 $18) 34... Kf7 35. Rxh6 (35. exf6 Re8 $18) (35. Bxf6 Rxg3 36. Rxe3 Bxe3 $18) 35... Rxh6 36. Rxe3 Re8 37. e6+ (37. Bd5+ Kf8 $18) 37... Ke7) 34. Rxe3 {[%emt 0:00:38] Weighted Error Value: White=0.25 (precise) /Black=0.40.  Loses game:     	---       	Black=1      Missed win:     	White=1     	---        Mistake:       	White=2     	Black=5      Inaccurate:     	---       	Black=4      OK:         	White=10    	Black=8      Best:        	White=2     	Black=3      Strong:       	White=1     	---} 1-0

[Event "Mitropa Cup Women 2024"]
[Site "Apolda"]
[Date "2024.02.21"]
[Round "7.20"]
[White "Karacsonyi, Kata"]
[Black "Dolzhykova, Kateryna"]
[Result "0-1"]
[ECO "B33"]
[WhiteElo "2087"]
[BlackElo "2227"]
[Annotator "RC"]
[PlyCount "80"]
[EventDate "2024.02.15"]
[EventType "team-tourn"]
[EventCountry "GER"]
[SourceTitle "playchess.com"]
[Source "ChessBase"]
[SourceQuality "1"]
[WhiteTeam "Hungary"]
[BlackTeam "Germany"]
[WhiteTeamCountry "HUN"]
[BlackTeamCountry "GER"]
[TimeControl "40/5400+30:1800+30"]

1. e4 c5 2. Nf3 Nc6 3. d4 cxd4 4. Nxd4 Nf6 5. Nc3 h5 6. Be2 g6 7. Be3 Bg7 8. f3 O-O 9. Qd2 d5 10. Nxc6 bxc6 11. O-O-O Qa5 12. Kb1 Rb8 13. e5 Nd7 14. f4 Nb6 15. Ne4 Qxd2 16. Nxd2 f6 17. Bd4 fxe5 18. fxe5 Nd7 19. Bxa7 Rb7 20. Be3 Nxe5 21. Nb3 Nc4 22. Bd4 e5 23. Bc5 Re8 24. a4 Bg4 25. Bxg4 hxg4 26. h3 e4 27. Bd4 Bxd4 28. Rxd4 e3 29. Rdd1 e2 30. Rde1 g3 31. Kc1 Rb4 32. a5 Ra4 33. Kb1 g5 34. Rhg1 d4 35. a6 Re5 36. a7 c5 37. c3 d3 38. Kc1 Rxa7 39. Rh1 Ra2 40. h4 Rxb2 0-1

[Event "Mitropa Cup Women 2024"]
[Site "Apolda"]
[Date "2024.02.22"]
[Round "8.1"]
[White "Terbe, Julianna"]
[Black "Hakimifard, Ghazal"]
[Result "0-1"]
[ECO "A30"]
[WhiteElo "2315"]
[BlackElo "2243"]
[Annotator "TA"]
[PlyCount "86"]
[EventDate "2024.02.15"]
[EventType "team-tourn"]
[EventCountry "GER"]
[SourceTitle "playchess.com"]
[Source "ChessBase"]
[SourceQuality "1"]
[WhiteTeam "Hungary"]
[BlackTeam "Switzerland"]
[WhiteTeamCountry "HUN"]
[BlackTeamCountry "SUI"]
[TimeControl "40/5400+30:1800+30"]

1. Nf3 Nf6 2. c4 e6 3. g3 b6 4. Bg2 Bb7 5. O-O Be7 6. Nc3 O-O 7. Re1 c5 8. e4 d6 9. d4 cxd4 10. Nxd4 Qc8 11. Qe2 Nc6 12. Nc2 a6 13. b3 {[%emt 0:05:00] White is slightly better.} Qc7 14. Be3 Rfe8 15. Rac1 Rac8 16. h3 Nd7 17. f4 Bf6 18. Qd2 Red8 19. g4 h6 20. Rf1 Ne7 21. Nd4 Ng6 22. f5 Ngf8 23. Nde2 Be5 24. h4 Nf6 25. Bf3 exf5 26. Nd5 (26. exf5 $11 {keeps the balance.} Bxf3 27. Rxf3) 26... Nxd5 {[%emt 0:01:12] Black continues to play with concentration.} ({Black should try} 26... Bxd5 $17 27. cxd5 Qe7 28. gxf5 Ng4) 27. cxd5 (27. exd5 $15 fxg4 28. Bxg4) 27... Qe7 $17 28. Rxc8 (28. gxf5 $17 {was worth a try.} Qxh4 29. Nf4) 28... Rxc8 $19 29. gxf5 Qxh4 $40 {[%emt 0:00:05][%mdl 128] Black has strong attack.} 30. Rf2 {[%emt 0:00:06] Repels Qh2+} (30. Nd4 $142) 30... Nd7 31. Rg2 Kh7 (31... Rc2 $142 32. Rxg7+ Bxg7 (32... Kxg7 33. Qxc2 Qh2+ 34. Kf1 $11) 33. Qxc2 Qh3) 32. Bf2 Qe7 33. Nf4 Rc3 34. Nd3 {[%emt 0:01:35] [#] Black must now prevent Nxe5.} Bf6 35. Be3 $2 {[%emt 0:00:14] [#]} (35. Bh4 Rc7 36. Bf2) 35... Ne5 $1 36. Nxe5 Bxe5 37. Qf2 (37. Rg4 $142) 37... Qf6 {[%emt 0:04:00][%cal Oc3e3] Threatens to win with ...Rxe3!} 38. Kh1 {[%emt 0:00:29] [#]} Bxd5 $1 39. exd5 {[%emt 0:02:06] [#] Rg4 would now be deadly.} Rxe3 $1 ({And not} 39... Qxf5 40. Rg4 Qb1+ (40... Rc2 $2 41. Qxc2 Qxc2 42. Be4+ $18) 41. Kg2 $11) 40. Rxg7+ ({Stronger than} 40. Qxe3 Qh4+ 41. Kg1 Bd4 $19) (40. Rg4 $19 Rc3 41. Bg2) 40... Qxg7 {[%emt 0:01:08] Black mates.} 41. Qxe3 Qg3 42. Qe2 Qh3+ 43. Kg1 Bd4+ {[%emt 0:00:00] Weighted Error Value: White=0.48/Black=0.17 (very precise) .  Mistake:       	White=7     	Black=2      Inaccurate:     	White=4     	---        OK:         	White=8     	Black=9      Best:        	---       	Black=4      Strong:       	---       	Black=1      Brilliant:      	---       	Black=1} (43... Qxf5 $2 {too greedy.} 44. Be4 $18) 0-1

[Event "Mitropa Cup Women 2024"]
[Site "Apolda"]
[Date "2024.02.22"]
[Round "8.2"]
[White "Georgescu, Lena"]
[Black "Demeter, Dorina"]
[Result "0-1"]
[ECO "C60"]
[WhiteElo "2268"]
[BlackElo "2271"]
[Annotator "TA"]
[PlyCount "164"]
[EventDate "2024.02.15"]
[EventType "team-tourn"]
[EventCountry "GER"]
[SourceTitle "playchess.com"]
[Source "ChessBase"]
[SourceQuality "1"]
[WhiteTeam "Switzerland"]
[BlackTeam "Hungary"]
[WhiteTeamCountry "SUI"]
[BlackTeamCountry "HUN"]
[TimeControl "40/5400+30:1800+30"]

1. e4 e5 2. Nf3 Nc6 3. Bb5 Nge7 4. d4 exd4 5. Nxd4 Nxd4 6. Qxd4 Ng6 {[%emt 0:04:35] C60: Spanische Partie.} 7. Nc3 c6 8. Bc4 b5 9. Be2 Qb6 10. Qd3 Bc5 $146 ({Predecessor:} 10... Be7 11. O-O O-O 12. Kh1 d6 13. Be3 Qc7 14. a3 Be6 15. f4 f5 16. exf5 Bxf5 {1-0 Heinrich,J (2269)-Adury,A (2072) Wch U16 Montesilvano 2023 (11)}) 11. O-O a5 12. Qg3 O-O 13. h4 Qb8 14. Qxb8 Rxb8 15. h5 Ne5 16. a4 b4 17. Nd1 d6 18. Be3 Ng4 19. Bxc5 dxc5 20. f3 Nf6 21. g4 Rd8 22. Bc4 Be6 23. Ne3 Rd2 24. Rad1 Rbd8 25. Rxd2 Rxd2 26. Rf2 Rd4 27. b3 Bc8 28. Kf1 Ne8 29. Ke1 Nc7 30. Rd2 Kf8 31. Ke2 Ke7 32. Nd1 (32. Rd1 $16) 32... Ne8 (32... Ne6 $14) 33. Ke3 Rd6 (33... Rxd2 $16 34. Kxd2 h6) 34. Nb2 f6 (34... Rxd2 $16 {kämpft weiter.} 35. Kxd2 Nf6) 35. Nd3 Nc7 (35... Rd8 $142 36. h6 (36. Nxc5 Rxd2 37. Kxd2 Kd6 $18) 36... g5) 36. Nxc5 Rxd2 37. Kxd2 Kd6 38. Nd3 Na8 39. Bg8 h6 40. Ke3 Nb6 41. Kd4 Nd7 42. f4 c5+ 43. Ke3 Nb6 (43... Ba6 $16 {war angesagt.} 44. Bf7 Ke7) 44. e5+ $18 fxe5 45. fxe5+ (45. Nxe5 Ke7 46. Ke4 Kd8 $11) 45... Kc6 46. Kf3 Nd5 47. Bf7 Nb6 48. Nb2 Kd7 49. Kf4 Ke7 50. Bc4 Bd7 51. Bg8 Kf8 52. Bc4 (52. e6 $142 Bc6 53. Bh7) 52... Ke7 $18 53. g5 (53. Bb5 $18 {ist viel giftiger. Schwarz muss nun Bxd7 beachten.} Be6 54. Nd3) 53... Be8 $2 {[%emt 0:01:23] [#]} (53... hxg5+ $16 54. Kxg5 Bc6) 54. g6 $1 $18 Bd7 55. Bf7 Bc6 56. Bc4 Bd7 $1 57. Bf7 Bc6 $1 58. Nc4 $2 (58. Bg8 $18) 58... Nxc4 $11 59. Bxc4 Bg2 60. Bd3 Ke6 61. Ba6 Ke7 62. Bc8 Bd5 63. Ba6 Bg2 64. Be2 Ke6 65. Bg4+ Ke7 66. Ke3 Bb7 (66... Bc6 $11) 67. Kd2 (67. Bh3 $16) 67... Bd5 (67... Be4 $11) 68. Kc1 ({Weiss braucht} 68. Kd3 $16) 68... Be6 $11 69. Bf3 $2 (69. Bxe6 $11 Kxe6 70. Kd2 Kxe5 71. Kd3) 69... Bf5 $19 70. Kd2 Ke6 71. c3 Kxe5 72. cxb4 cxb4 73. Bd1 Kd4 74. Bf3 Be6 75. Bd1 Bd5 76. Kc2 Ke3 77. Bg4 Be4+ 78. Kb2 Kd2 79. Ka2 Kc3 80. Ka1 Kxb3 81. Bf5 Bf3 82. Be4 Bxh5 0-1

[Event "Mitropa Cup Women 2024"]
[Site "Apolda"]
[Date "2024.02.22"]
[Round "8.3"]
[White "Ivan-Gal, Hanna Krisztina"]
[Black "Hryzlova, Sofiia"]
[Result "1/2-1/2"]
[ECO "C11"]
[WhiteElo "2191"]
[BlackElo "2196"]
[Annotator "RC"]
[PlyCount "53"]
[EventDate "2024.02.15"]
[EventType "team-tourn"]
[EventCountry "GER"]
[SourceTitle "playchess.com"]
[Source "ChessBase"]
[SourceQuality "1"]
[WhiteTeam "Hungary"]
[BlackTeam "Switzerland"]
[WhiteTeamCountry "HUN"]
[BlackTeamCountry "SUI"]
[TimeControl "40/5400+30:1800+30"]

1. e4 e6 2. d4 d5 3. Nc3 Nf6 4. e5 Nfd7 5. f4 c5 6. Nf3 Nc6 7. Be3 a6 8. a3 cxd4 9. Nxd4 Bc5 10. Qd2 g5 11. Nxc6 Bxe3 12. Qxe3 bxc6 13. O-O-O gxf4 14. Qxf4 Qc7 15. Re1 Bb7 16. Bd3 c5 17. Rhf1 Rf8 18. Qg5 Qd8 19. Qg7 Qh4 20. g3 Qh5 21. h4 h6 22. Rh1 Qf3 23. Rhf1 Qh5 24. Rh1 Qf3 25. Rhf1 Qh5 26. Rh1 Qf3 27. Rhf1 1/2-1/2

[Event "Mitropa Cup Women 2024"]
[Site "Apolda"]
[Date "2024.02.22"]
[Round "8.4"]
[White "Manko, Mariia"]
[Black "Karacsonyi, Kata"]
[Result "0-1"]
[ECO "E04"]
[WhiteElo "2128"]
[BlackElo "2087"]
[Annotator "RC"]
[PlyCount "106"]
[EventDate "2024.02.15"]
[EventType "team-tourn"]
[EventCountry "GER"]
[SourceTitle "playchess.com"]
[Source "ChessBase"]
[SourceQuality "1"]
[WhiteTeam "Switzerland"]
[BlackTeam "Hungary"]
[WhiteTeamCountry "SUI"]
[BlackTeamCountry "HUN"]
[TimeControl "40/5400+30:1800+30"]

1. d4 Nf6 2. c4 e6 3. g3 d5 4. Bg2 dxc4 5. Nf3 Nbd7 6. O-O c6 7. a4 a5 8. Qc2 b5 9. Ne5 Nxe5 10. dxe5 Nd5 11. axb5 cxb5 12. Nc3 Qb6 13. Nxd5 exd5 14. Bxd5 Ra7 15. Qe4 Bc5 16. Bc6+ Bd7 17. Bxd7+ Rxd7 18. Qa8+ Rd8 19. Qxa5 Qc6 20. Qa6 Qxa6 21. Rxa6 h6 22. Ra5 Rb8 23. e6 fxe6 24. Bf4 Bb6 25. Ra6 Rb7 26. Ra8+ Bd8 27. Rd1 Rd7 28. Rxd7 Kxd7 29. Be5 Bf6 30. Ra7+ Kc6 31. Ra6+ Kd5 32. Bxf6 gxf6 33. Kf1 Kc5 34. Ke1 Kb4 35. Ra3 Rd8 36. h4 h5 37. Rf3 e5 38. Re3 e4 39. Ra3 f5 40. f3 Rd7 41. Re3 Rd4 42. Ra3 Kc5 43. fxe4 fxe4 44. Re3 b4 45. g4 hxg4 46. h5 b3 47. h6 Rd6 48. Rxe4 Rxh6 49. Rxg4 Rh1+ 50. Kd2 Rb1 51. e4 Rxb2+ 52. Kc1 Re2 53. Rh4 Kb4 0-1

[Event "Mitropa Cup Women 2024"]
[Site "Apolda"]
[Date "2024.02.22"]
[Round "8.5"]
[White "Hagarova, Zuzana"]
[Black "Polterauer, Chiara"]
[Result "1/2-1/2"]
[ECO "C28"]
[WhiteElo "2280"]
[BlackElo "2189"]
[Annotator "RC"]
[PlyCount "37"]
[EventDate "2024.02.15"]
[EventType "team-tourn"]
[EventCountry "GER"]
[SourceTitle "playchess.com"]
[Source "ChessBase"]
[SourceQuality "1"]
[WhiteTeam "Slovakia"]
[BlackTeam "Austria"]
[WhiteTeamCountry "SVK"]
[BlackTeamCountry "AUT"]
[TimeControl "40/5400+30:1800+30"]

1. e4 e5 2. Bc4 Nc6 3. Nc3 Nf6 4. d3 Bc5 5. f4 h5 6. Nf3 Ng4 7. Qe2 Nd4 8. Nxd4 exd4 9. Nd1 Qh4+ 10. Kf1 Nxh2+ 11. Kg1 Qg4 12. Qf2 Qxd1+ 13. Kxh2 Qg4 14. c3 dxc3 15. Qxc5 Qh4+ 16. Kg1 Qe1+ 17. Kh2 Qh4+ 18. Kg1 Qe1+ 19. Kh2 1/2-1/2

[Event "Mitropa Cup Women 2024"]
[Site "Apolda"]
[Date "2024.02.22"]
[Round "8.6"]
[White "Hapala, Elisabeth"]
[Black "Walter, Ema"]
[Result "0-1"]
[ECO "C60"]
[WhiteElo "2001"]
[BlackElo "2124"]
[Annotator "NA RC"]
[PlyCount "60"]
[EventDate "2024.02.15"]
[EventType "team-tourn"]
[EventCountry "GER"]
[SourceTitle "playchess.com"]
[Source "ChessBase"]
[SourceQuality "1"]
[WhiteTeam "Austria"]
[BlackTeam "Slovakia"]
[WhiteTeamCountry "AUT"]
[BlackTeamCountry "SVK"]
[TimeControl "40/5400+30:1800+30"]

1. e4 e5 2. Nf3 Nc6 3. Bb5 Nge7 4. Nc3 Ng6 5. d4 exd4 6. Nxd4 Nxd4 7. Qxd4 c6 8. Be2 Qb6 9. Qd3 Be7 10. O-O O-O 11. a4 d6 12. a5 Qc7 13. f4 Bd7 14. Be3 Rfe8 15. g3 b5 16. b4 Rad8 17. h4 d5 18. exd5 Bxb4 19. h5 Ne7 20. d6 Bxd6 21. Ne4 Bf5 22. Nxd6 Rxd6 23. Qa3 b4 24. Qb2 Re6 25. Bd4 Rxe2 26. Bxg7 Qd6 27. Rfd1 Qc5+ 28. Bd4 Qd5 29. Bf2 Qf3 30. Rf1 Be4 0-1

[Event "Mitropa Cup Women 2024"]
[Site "Apolda"]
[Date "2024.02.22"]
[Round "8.7"]
[White "Sevcikova, Lucia"]
[Black "Mayrhuber, Nikola"]
[Result "0-1"]
[ECO "E32"]
[WhiteElo "2007"]
[BlackElo "2009"]
[Annotator "NA"]
[PlyCount "80"]
[EventDate "2024.02.15"]
[EventType "team-tourn"]
[EventCountry "GER"]
[SourceTitle "playchess.com"]
[Source "ChessBase"]
[SourceQuality "1"]
[WhiteTeam "Slovakia"]
[BlackTeam "Austria"]
[WhiteTeamCountry "SVK"]
[BlackTeamCountry "AUT"]
[TimeControl "40/5400+30:1800+30"]

1. d4 Nf6 2. c4 e6 3. Nc3 Bb4 4. Qc2 O-O 5. a3 Bxc3+ 6. Qxc3 b6 7. Bg5 Bb7 8. f3 d5 9. cxd5 exd5 10. e3 Nbd7 11. Bb5 c6 12. Ba4 Re8 13. Bh4 Qe7 14. Bf2 b5 15. Bc2 a5 16. Ne2 b4 17. Qb3 c5 18. Bb1 Ba6 19. dxc5 Nxc5 20. Qd1 Bxe2 21. Kxe2 Qe5 22. axb4 Qxb2+ 23. Bc2 axb4 24. Rb1 Qc3 25. Kf1 Ra2 26. Rc1 Qc4+ 27. Kg1 Qb5 28. Bb1 Ra3 29. Qc2 Rc3 30. Qd1 Nb3 31. Rxc3 bxc3 32. Bc2 Nd2 33. g4 Ra8 34. Kg2 Ra2 35. g5 Nd7 36. Bf5 Ne5 37. f4 Nd3 38. Qe2 Nxf4+ 39. exf4 Qxe2 40. Re1 Qf3+ 0-1

[Event "Mitropa Cup Women 2024"]
[Site "Apolda"]
[Date "2024.02.22"]
[Round "8.8"]
[White "Deak-Sala, Emilia"]
[Black "Sekova, Olivia"]
[Result "1-0"]
[ECO "B61"]
[WhiteElo "1843"]
[BlackElo "2054"]
[Annotator "RC"]
[PlyCount "119"]
[EventDate "2024.02.15"]
[EventType "team-tourn"]
[EventCountry "GER"]
[SourceTitle "playchess.com"]
[Source "ChessBase"]
[SourceQuality "1"]
[WhiteTeam "Austria"]
[BlackTeam "Slovakia"]
[WhiteTeamCountry "AUT"]
[BlackTeamCountry "SVK"]
[TimeControl "40/5400+30:1800+30"]

1. e4 c5 2. Nf3 d6 3. d4 cxd4 4. Nxd4 Nf6 5. Nc3 Nc6 6. Bg5 Bd7 7. Qd2 Rc8 8. O-O-O Nxd4 9. Qxd4 Qa5 10. f4 h6 11. Bh4 g5 12. e5 Bg7 13. Bf2 Ng4 14. Qxa7 Qxa7 15. Bxa7 gxf4 16. exd6 Bxc3 17. bxc3 e5 18. h3 Ra8 19. Bg1 Ne3 20. Bxe3 fxe3 21. Bc4 Rc8 22. Bb3 e2 23. Rd2 Rxc3 24. Rxe2 f6 25. Kb2 Rg3 26. Rf1 Rf8 27. Bd5 Bc6 28. Bxc6+ bxc6 29. Ref2 Rg6 30. g4 Kd7 31. Rd2 Rb8+ 32. Kc3 Ra8 33. Kb3 Rb8+ 34. Kc4 Ra8 35. c3 Ra4+ 36. Kb3 Ra8 37. a4 c5 38. Ka3 Ra6 39. Rb1 Rxd6 40. Rxd6+ Kxd6 41. c4 e4 42. Kb3 Ke5 43. Kc3 Kf4 44. a5 Kg3 45. a6 f5 46. Ra1 Rg8 47. gxf5 e3 48. a7 Ra8 49. Kd3 Kf3 50. Rf1+ Kg2 51. Rf4 Rxa7 52. Kxe3 Kxh3 53. f6 Rf7 54. Ke4 Rf8 55. f7 Kg3 56. Rf6 h5 57. Ke5 h4 58. Ke6 h3 59. Ke7 h2 60. Rh6 1-0